cohdb
Replays
Latest Replays
All Replays
Popular Replays
Top Player Replays
Match Explorer
How It Works
Community
CoH3 Stats
Reddit
Sign in to upload your games and track your stats! →
Sign in with Steam
Match 39190734
Unlisted
Match 39190734
Overview
Messages
Build Orders
End
Scout Squad
Construct Barracks
Riflemen Squad
Selects Armored Battlegroup
Selects Veteran Crews
1⁄4-ton 4x4 Truck
Riflemen Squad
Grenade Package
Mechanized Support Center
Construct Weapon Support Center
M3 Armored Personnel Carrier
Selects M31 Recovery Vehicle
Designate Forward Repair Station
M3 Armored Personnel Carrier
M3 Armored Personnel Carrier
M3 Armored Personnel Carrier
Riflemen Squad
Construct Medical Station
Selects War Machine
Construct Tank Depot
1⁄4-ton 4x4 Truck
Selects Strength in Steel
M1919 Machine Gun Team
Designate Forward Repair Station
M4A1 Sherman Medium Tank
Engineer Squad
Salvage Crew
M31 Recovery Vehicle
Selects Seek and Destroy
Selects UNKNOWN (2160077)
M31 Recovery Vehicle
Designate Forward Repair Station
Engineer Squad
Engineer Squad
STALKER4732
苏大大
Kusa
ARC_RAID
ZELOT
Gwangju's Hero Chun Doo-gwang
freedman1984
Zzzz丶
0
0
Comments
sign in to comment!
No comments posted yet!